 Dungeon Crawl Stone Soup version 0.27.1-34-g3ba077fa99 (webtiles) character file.

Game seed: 14215943083281459222

1361 sankara the Cleaver (level 8, 0/57 (64) HPs)
             Began as a Minotaur Monk on Jan 20, 2022.
             Was an Initiate of Gozag.
             Slain by a wight (14 damage)
             ... on level 6 of the Dungeon.
             The game lasted 00:08:40 (6217 turns).

sankara the Cleaver (Minotaur Monk)                 Turns: 6217, Time: 00:08:41

HP:   0/57 (64)     AC: 13    Str: 15    XL:     8   Next: 37%
MP:   6/6           EV:  8    Int:  7    God:    Gozag
Gold: 670           SH:  5    Dex: 16    Spells: 7/7 levels left

rFire    . . .     SeeInvis .   v - +0 war axe
rCold    . . .     Faith    .   (no shield)
rNeg     . . .     Spirit   .   h - +0 chain mail
rPois    .         Reflect  +   (helmet restricted)
rElec    .         Harm     .   f - +0 cloak
rCorr    .         Rampage  .   s - +0 pair of gloves
Will     .....     Rnd*Rage +   (no boots)
Stlth    ..........             u - amulet of reflection
HPRegen  0.19/turn              (no ring)
MPRegen  0.10/turn              (no ring)

@: heavily drained
A: horns 2, retaliatory headbutt, berserk 1, low mp 1
a: Renounce Religion, Potion Petition, Call Merchant, Bribe Branch


You were on level 6 of the Dungeon.
You worshipped Gozag.
Gozag was pleased with you.
You visited 1 branch of the dungeon, and saw 6 of its levels.

You collected 670 gold pieces.

Inventory:

Hand Weapons
 a - a +0 hand axe
 v - a +0 war axe (weapon)
Missiles
 b - 89 stones
 d - 71 sling bullets
 j - 5 boomerangs
 m - 9 poisoned darts (quivered)
 q - 4 javelins
Armour
 f - a +0 cloak (worn)
 h - a +0 chain mail (worn)
 s - a +0 pair of gloves (worn)
Jewellery
 t - a ring of ice
 u - an amulet of reflection (around neck)
Wands
 r - a wand of flame (23)
Scrolls
 c - 4 scrolls of identify {unknown}
 e - a scroll of magic mapping {unknown}
 g - a scroll of enchant armour {unknown}
 i - 2 scrolls of noise {unknown}
 k - a scroll of torment {unknown}
 l - a scroll of teleportation {unknown}
 n - 2 scrolls of enchant weapon {unknown}
 o - a scroll of blinking {unknown}


   Skills:
 - Level 3.6 Fighting
 * Level 10.6 Axes
 - Level 7.0 Armour
 - Level 3.2 Dodging
 - Level 1.5 Stealth


You had 7 spell levels left.
You didn't know any spells.
Your spell library contained the following spells:

 Spells                   Type           Power      Damage    Failure   Level
 Gell's Gravitas          Tloc           0%         N/A       100%        3
 Teleport Other           Tloc           0%         N/A       100%        3
 Dispersal                Tloc           0%         N/A       100%        6


Dungeon Overview and Level Annotations

Branches:
Dungeon (6/15)             Temple (0/1) D:5

Altars:
Gozag
Uskayaw
The Shining One

Annotations:
D:3 3 runed translucent doors, Zappman123's ghost, amateur PaAK


Innate Abilities, Weirdness & Mutations

You have a pair of horns on your head.
You reflexively headbutt those who attack you in melee.
You tend to lose your temper in combat.
Your magical capacity is low. (-10% MP)


Message History

You climb downwards.
The wight barely misses you. The wight hits you with a +5 battleaxe!
There is a stone staircase leading up, spattered with blood here.
You hit the wight.
The wight is lightly damaged.
The wight barely misses you.
You closely miss the wight. Your headbutt misses the wight.
The wight is lightly damaged.
The wight hits you with a +5 battleaxe!
You barely miss the wight. Your headbutt misses the wight.
The wight is lightly damaged.
You block the wight's attack.
You hit the wight but do no damage.
The wight is lightly damaged.
The wight hits you with a +5 battleaxe.
You feel drained.
Your chain mail prevents you from hitting the wight.
Your headbutt misses the wight.
The wight is lightly damaged.
The wight hits you with a +5 battleaxe!
You are too injured to fight recklessly!
You are too injured to fight recklessly!
It was a potion of ambrosia.
You are confused.
You feel invigorated. The wight hits you with a +5 battleaxe!
You feel drained.
You bump into the rock wall.
The wight barely misses you.
You hit the wight.
The wight is moderately damaged.
The wight barely misses you.
You're too confused to move!
The wight hits you with a +5 battleaxe.
You feel drained.
You bump into the rock wall.
The wight hits you with a +5 battleaxe.
You bump into the rock wall.
You feel less invigorated.
You feel less confused. The wight hits you with a +5 battleaxe!
You feel drained.
* * * LOW HITPOINT WARNING * * *
You hit the wight but do no damage.
The wight is moderately damaged.
The wight hits you with a +5 battleaxe!
You die...
Your body crumbles into a pile of gold.

.........# #.........#
.........# #.........#
........$######.........#
####+#..................#
#..................#
#..................#
#..................#
+......z...........#
#......@...........#
...########....(....#
.... #.........# ...
#.........# #.........#
#.........# ###########


You could see a wight.

Vanquished Creatures
  A water moccasin (D:5)
  A black bear (D:5)
  3 ogres (D:5)
  A necrophage (D:5)
  A centaur (D:6)
  2 scorpions
  A water moccasin skeleton (D:4)
  3 wights (D:6)
  A bullfrog zombie (D:6)
  2 jellies (D:5)
  An orc priest (D:5)
  2 bullfrog skeletons
  3 iguanas
  2 orc wizards
  A hound skeleton (D:4)
  4 adders
  A shadow imp (D:5)
  4 worms
  A dart slug (D:2)
  13 orcs
  11 ball pythons
  6 bats
  3 endoplasms
  3 giant cockroaches
  A goblin (D:3)
  6 hobgoblins
  3 quokkas (D:1)
  3 frilled lizards
  7 kobolds
  11 rats
102 creatures vanquished.

Notes
Turn   | Place    | Note
-------+----------+-------------------------------------------
     0 | D:1      | sankara the Minotaur Monk began the quest for the Orb.
     0 | D:1      | Reached XP level 1. HP: 19/19 MP: 0/0
   134 | D:1      | Reached skill level 4 in Axes
   244 | D:1      | Reached XP level 2. HP: 26/26 MP: 1/1
   621 | D:1      | Reached skill level 1 in Armour
  1139 | D:2      | Reached XP level 3. HP: 24/31 MP: 2/2
  1485 | D:2      | Reached skill level 5 in Axes
  2212 | D:3      | Found an opulent altar of Gozag.
  2280 | D:3      | Became a worshipper of Gozag Ym Sagoz the Greedy
  2297 | D:3      | Reached XP level 4. HP: 35/39 MP: 3/3
  2356 | D:3      | Found a glowing golden altar of the Shining One.
  2356 | D:3      | Found a hide-covered altar of Uskayaw.
  2534 | D:3      | Found a runed translucent gate.
  2553 | D:3      | Found a runed translucent gate.
  2554 | D:3      | Found a runed translucent gate.
  2556 | D:3      | Noticed Zappman123's ghost (amateur PaAK)
  2592 | D:3      | Found a faded altar of an unknown god.
  3712 | D:4      | Reached skill level 6 in Axes
  3712 | D:4      | Reached XP level 5. HP: 45/45 MP: 4/4
  3846 | D:4      | HP: 2/45 [iguana (5)]
  3856 | D:4      | Reached XP level 6. HP: 23/51 MP: 5/5
  4106 | D:5      | Entered Level 5 of the Dungeon
  4118 | D:4      | Reached skill level 7 in Axes
  4813 | D:5      | Reached skill level 8 in Axes
  4941 | D:5      | Found a staircase to the Ecumenical Temple.
  4977 | D:5      | Noticed a water moccasin
  4996 | D:5      | Reached XP level 7. HP: 5/57 MP: 6/6
  4996 | D:5      | Gained mutation: Your magical capacity is low. (-10% MP)
                  | [potion of mutation]
  4996 | D:5      | Gained mutation: You tend to lose your temper in combat.
                  | [potion of mutation]
  4997 | D:5      | HP: 1/57 [poisoned by a water moccasin]
  5000 | D:5      | Reached skill level 5 in Armour
  5395 | D:5      | Reached skill level 9 in Axes
  5734 | D:5      | Reached XP level 8. HP: 64/64 MP: 6/6
  5742 | D:5      | Reached skill level 10 in Axes
  6217 | D:6      | Slain by a wight

Illustrated notes

Levels and vault maps discovered:
D:1:      dpeg_arrival_rooms_a, layout_basic
D:2:      layout_basic, minmay_rat_gold_closets
D:3:      layout_rooms, amcnicky_altar_gilded,
          chequers_temple_overflow_statue_of_worship,
          hellmonk_ecumenical_altar_blasted, ebering_ghost_rock_garden
D:4:      minmay_diamond_boxcup, layout_basic
D:5:      minmay_bubble_buster, layout_basic, minmay_temple_entry_fiery
D:6:      layout_gridville, serial_shops, nicolae_shop_overgrown_old_shop,
          kennysheep_decorative_pillar, uniq_grinder, uniq_blork_the_orc

Skill      XL: |  1  2  3  4  5  6  7  8 |
---------------+-------------------------+-----
Axes           | 4 5 6 8 9 10 | 10.6
Armour         | 1 2 3 4 6 7 |  7.0
Fighting       | |  3.6
Dodging        | |  3.2
Stealth        | |  1.5

Action                   |  1- 3 |  4- 6 |  7- 9 || total
-------------------------+-------+-------+-------++-------
Melee: Hand axe          |   105 |   158 |    99 ||   362
       Headbutt          |    17 |    35 |    25 ||    77
       War axe           |       |       |     7 ||     7
Throw: Dart              |       |     1 |       ||     1
  Use: Potion            |       |     4 |     3 ||     7
 Stab: Sleeping          |     6 |       |       ||     6
       Distracted        |     1 |       |       ||     1
Armor: Robe              |     4 |       |       ||     4
       Ring mail         |    18 |       |       ||    18
       Leather armour    |     3 |       |       ||     3
       Chain mail        |     3 |    85 |    54 ||   142
Dodge: Dodged            |    46 |    56 |    42 ||   144
Block: Other             |       |       |     6 ||     6
